 Dungeon Crawl Stone Soup version 0.32-a0-360-gcd93b57ba1 (webtiles) character file.

Game seed: 7773895502839534619

444 Goblin1989 the Chopper (level 7, -3/50 HPs)
             Began as a Coglin Gladiator on Feb 18, 2024.
             Slain by an orc
             ... wielding a +0 trident
              (5 damage)
             ... on level 5 of the Dungeon.
             The game lasted 00:05:52 (3478 turns).

Goblin1989 the Chopper (Coglin Gladiator)           Turns: 3478, Time: 00:05:53

Health: -3/50      AC:  6    Str: 14 (16) XL:     7   Next: 3%
Magic:  7/7        EV: 11    Int:  7 (8)  God:
Gold:   350        SH:  0    Dex: 14 (15) Spells: 6/6 levels left

rFire   . . .        a - +0 war axe {Anan}
rCold   . . .        (no shield)
rNeg    . . .        f - +0 ring mail
rPois   .            c - +0 helmet
rElec   .            (no cloak)
rCorr   .            (no gloves)
SInv    .            (no boots)
Will    .....        (no amulet)
Stlth   +            (no ring)
HPRegen 0.28/turn    (no ring)
MPRegen 0.10/turn

%: no passive effects
@: revved, stiff-legged, very slow
A: off-hand wielding, slow wielding, warmup strikes, warmup strides
a: Convert to Beogh


You were on level 5 of the Dungeon.
You visited 1 branch of the dungeon, and saw 5 of its levels.

You collected 350 gold pieces.

Inventory:

Hand Weapons
 a - a +0 war axe (weapon) {Anan}
 y - the +6 dagger of Zin's Righteous Fury {spect, ^Drain rF+ rC+++ Int+4}
   (You found it on level 5 of the Dungeon)

   Int+4:     It affects your intelligence (+4).
   rF+:       It protects you from fire.
   rC+++:     It renders you almost immune to cold.
   ^Drain:    It drains your maximum health when unequipped.
Missiles
 d - 5 throwing nets (quivered) {!d , @Q1}
 e - a javelin
Armour
 c - a +0 helmet (worn)
 f - a +0 ring mail (worn)
 v - a +0 plate armour
Jewellery
 x - an amulet of magic regeneration
 A - a ring of positive energy
Wands
 u - a wand of flame (20) {@v1}
 z - a wand of paralysis (12) {@v2}
Scrolls
 i - a scroll of vulnerability {unknown}
 j - a scroll of poison {unknown}
 k - 4 scrolls of identify {unknown}
 l - a scroll of immolation {unknown}
 q - 2 scrolls of fear {unknown}
 r - a scroll of enchant armour {unknown}
 s - a scroll of amnesia {unknown}
 t - a scroll of blinking {unknown}
 w - 3 scrolls of enchant weapon {unknown}
 B - a scroll of noise {unknown}
Potions
 g - a potion of enlightenment {unknown}
 h - 4 potions of curing {unknown}
 m - 4 potions of berserk rage {unknown}
 n - a potion of magic {unknown}
 o - a potion of lignification {unknown}
 p - a potion of haste {unknown}


   Skills:
 + Level 2.0 Fighting
 * Level 7.7 Axes
 - Level 1.7 Throwing
 + Level 0.0 Armour
 + Level 2.7 Dodging


You had 6 spell levels left.
You didn't know any spells.
Your spell library was empty.

Dungeon Overview and Level Annotations

Branches:
Dungeon (5/15) Zot: 26312  Temple (0/1) D:5

Altars:
The Shining One

Shops:
D:2 *

Annotations:
D:2 1 runed translucent door, Crazy Yiuf
D:3 3 runed translucent doors, Mll's ghost, amateur GrBe


Innate Abilities, Weirdness & Mutations

You can wield a second weapon in your off-hand.
It takes a long time for you to wield or remove held weapons.
Your first few attacks do less damage.
Your first movements take longer.


Message History

No target in view!
No target in view!
No target in view!
Health restored: 50; MP restored: 7
Found a potion of degeneration.
Key pressed, stopping explore.
Key pressed, stopping explore.
g - a sedimented brown potion Key pressed, stopping explore.
Key pressed, stopping explore.
Key pressed, stopping explore.
Key pressed, stopping explore.
Key pressed, stopping explore.
y - the +6 dagger of Zin's Righteous Fury {spect, ^Drain rF+ rC+++ Int+4} You see here a potion of degeneration.
Key pressed, stopping explore.
Key pressed, stopping explore.
Found a robe.
You see here a +0 robe.
You now have 331 gold pieces (gained 16).
You now have 342 gold pieces (gained 11).
You now have 350 gold pieces (gained 8).
Key pressed, stopping explore.
Found 2 poisoned darts.
Found a staircase to the Ecumenical Temple.
z - a wand of paralysis (12) {@v2} Key pressed, stopping explore.
A - a ring of positive energy Key pressed, stopping explore.
B - a scroll labelled SUESTI WOOGET
Found 5 stones.
Found a stone staircase leading up.
Key pressed, stopping explore.
An orc comes into view. It is wielding a +0 trident.
The orc shouts!
The orc throws a boomerang.
The boomerang completely misses you.
An orc comes into view. It is wielding a +0 dagger.
There are monsters nearby!
There are monsters nearby!
There are monsters nearby!
An orc comes into view. It is wielding a +0 hand axe.
The orc shouts!
The orc throws a boomerang.
The boomerang closely misses you.
An orc priest comes into view. It is wielding a +0 club.
Found 12 gold pieces.
The orc priest shouts!
The orc priest casts a cantrip, but nothing happens.
You barely miss the orc. The orc closely misses you.
You hit the orc.
The orc is moderately wounded.
The orc throws a boomerang.
The boomerang hits you but does no damage.
The orc closely misses you.
You hit the orc.
The orc is severely wounded.
You slash the orc!
You kill the orc!
The orc hits you from afar with a +0 trident.
The orc hits you with a +0 dagger.
The orc priest mumbles some strange prayers to Beogh against you.
Beogh smites you!
You barely miss the orc.
The orc is severely wounded.
The orc closely misses you. The orc hits you with a +0 dagger.
You barely miss the orc.
The orc is severely wounded.
The orc closely misses you. The orc hits you with a +0 dagger.
The orc priest calls down the wrath of Beogh upon you.
Pain shoots through your body!
The orc priest shouts, "Surrender to Beogh and we'll let you live!" (press Y on the ability menu to convert to Beogh)
You are too injured to fight recklessly!
You are too injured to fight recklessly!
You are too injured to fight recklessly!
You take 25 damage, and have 25/50 hp.
MASSIVE DAMAGE!!
You are too injured to fight recklessly!
You are too injured to fight recklessly!
You are too injured to fight recklessly!
You are too injured to fight recklessly!
You are too injured to fight recklessly!
You are too injured to fight recklessly!
You slash the orc!
You kill the orc!
The orc barely misses you.
The orc priest invokes the aid of Beogh against you.
You struggle to resist.
The orc throws a boomerang.
The boomerang hits you.
You take 2 damage, and have 23/50 hp.
The orc hits you with a +0 trident.
* * * LOW HITPOINT WARNING * * *
The orc priest calls down the wrath of Beogh upon you.
Beogh smites you!
* * * LOW HITPOINT WARNING * * *
The orc misses you. The orc priest barely misses you.
You see here a +0 dagger.
You take 21 damage, and have 2/50 hp.
MASSIVE DAMAGE!!
You slash the orc priest!
The orc priest is severely wounded.
The orc priest shouts, "Surrender to Beogh and we'll let you live!"
You hit the orc. The orc hits you with a +0 trident.
You die... ██████ █████████ ████.......███ ██............██ ██...███████....███ █████

██ █...██
██.....█......██ ██.
...██
██........$.....████..
..██
█...o@o...............
...█
█....█.....████.......█
.█.██ █..████...██
██.....██ ....███ █..█
...█ ██....█ █.█...
█..█ █.██ ██...██
█.███.....█ .█ █....█
█...███...█ .█ █.....
........█.█ .█ █.....
..>..██...█ █....÷


You could see an orc priest and an orc.

Vanquished Creatures
  A phantom (D:5)
  A bombardier beetle (D:5)
  A hound (D:4)
  An orc priest (D:3)
  A jelly (D:4)
  An iguana (D:4)
  6 adders
  2 dart slugs
  A ribbon worm (D:4)
  5 orcs
  4 bats
  6 endoplasms
  4 giant cockroaches
  11 goblins
  10 hobgoblins
  15 jackals
  6 kobolds
  3 quokkas
  5 ball pythons
  4 frilled lizards (D:1)
  2 rats (D:1)
90 creatures vanquished.

Notes
Turn   | Place    | Note
-------+----------+-------------------------------------------
     0 | D:1      | Goblin1989 the Coglin Gladiator began the quest for the
                  | Orb.
     0 | D:1      | Reached XP level 1. HP: 16/16 MP: 1/1
   101 | D:1      | Reached XP level 2. HP: 22/22 MP: 2/2
   195 | D:1      | Reached skill level 4 in Axes
   232 | D:1      | Reached XP level 3. HP: 25/27 MP: 3/3
   458 | D:1      | Reached XP level 4. HP: 33/33 MP: 4/4
   881 | D:2      | Reached skill level 5 in Axes
   890 | D:2      | Found Aciruali's Assorted Antiques.
   946 | D:2      | Found a runed translucent door.
   947 | D:2      | Noticed Crazy Yiuf
  1286 | D:2      | Reached XP level 5. HP: 27/38 MP: 5/5
  1580 | D:3      | Found a glowing golden altar of the Shining One.
  1818 | D:3      | Reached skill level 6 in Axes
  1971 | D:3      | Found a runed translucent gate.
  1972 | D:3      | Found a runed translucent gate.
  1973 | D:3      | Found a runed translucent gate.
  1974 | D:3      | Noticed Mll's ghost (amateur GrBe)
  2250 | D:4      | Reached XP level 6. HP: 29/44 MP: 6/6
  2510 | D:4      | Reached skill level 7 in Axes
  2810 | D:5      | Entered Level 5 of the Dungeon
  3202 | D:5      | Reached XP level 7. HP: 50/50 MP: 7/7
  3240 | D:5      | Identified the +6 dagger of Zin's Righteous Fury {spect,
                  | ^Drain rF+ rC+++ Int+4}
  3326 | D:5      | Found a staircase to the Ecumenical Temple.
  3477 | D:5      | HP: 2/50 [orc priest/divine providence (17)]
  3478 | D:5      | Slain by an orc

Illustrated notes

Levels and vault maps discovered:
D:1:      heliophobic_arrival_glass_houses, layout_basic
D:2:      layout_rooms, serial_shops, nicolae_lakefront_shop,
          uniq_crazy_yiuf_cottage
D:3:      layout_loops_ring, amcnicky_altar_gilded, gammafunk_ghost_necromancy
D:4:      layout_rooms
D:5:      layout_layer_cave, minmay_temple_entry_slanted

Skill      XL: |  1  2  3  4  5  6 |
---------------+-------------------+-----
Axes           | 4 5 6 7 |  7.7
Fighting       | |  2.0
Throwing       | |  1.7
Dodging        | |  2.7

Action                     |  1- 3 |  4- 6 |  7- 9 || total
---------------------------+-------+-------+-------++-------
  Melee: War axe           |    63 |   147 |     7 ||   217
    Use: Potion            |       |     2 |       ||     2
 Armour: Leather armour    |     5 |       |       ||     5
         Ring mail         |    39 |   106 |     8 ||   153
  Dodge: Dodged            |    51 |   108 |     9 ||   168

Table legend: (Time is in decaauts)
 A = Elapsed time spent in this place.
 B = Non-inter-level travel time spent in this place.
 C = Inter-level travel time spent in this place.
 D = Time resting spent in this place.
 E = Time spent auto-exploring this place.
 F = Levels seen in this place.
 G = Mean time per level.
                   A        B        C        D        E       F      G
               +--------+--------+--------+--------+--------+-----+--------+
         Total |   3664 |   3492 |    172 |    128 |   2785 |   5 |  732.8 |
       Dungeon |   3664 |   3492 |    172 |    128 |   2785 |   5 |  732.8 |
               +--------+--------+--------+--------+--------+-----+--------+

Top non-repeatable levels by time:
     D:1: 928 daAuts
     D:4: 753 daAuts
     D:3: 723 daAuts
     D:2: 702 daAuts
     D:5: 557 daAuts
